 Dungeon Crawl Stone Soup version 0.31-a0-167-g1c394c0614 (webtiles) character file.

Game seed: 2120838297924990576

33106 qw the Cleaver (level 13, -1/83 HPs)
             Began as a Gargoyle Fighter on June 14, 2023.
             Was an Elder of Okawaru.
             Slain by a snapping turtle (18 damage)
             ... on level 5 of the Lair of Beasts.
             The game lasted 00:07:00 (14282 turns).

qw the Cleaver (Gargoyle Fighter)                  Turns: 14282, Time: 00:07:01

Health: -1/83      AC: 35    Str: 23    XL:     13   Next: 68%
Magic:  20/20      EV:  9    Int: 11    God:    Okawaru [****..]
Gold:   425        SH:  6    Dex:  9    Spells: 12/12 levels left

rFire   . . .        Y - +2 war axe (venom)
rCold   + . .        c - +0 buckler
rNeg    + . .        o - +0 plate armour
rPois   inf          g - +2 helmet
rElec   +            (no cloak)
rCorr   .            p - +2 pair of gloves
SInv    .            a - +0 pair of boots
Will    .....        x - amulet of faith Stlth
                     f - ring of protection from cold
HPRegen 0.33/turn    (no ring)
MPRegen 0.17/turn

%: faith
@: heroic, slowed, very slow
A: sickness immunity, AC +9, negative energy resistance 1, electricity
resistance, torment resistance 1, petrification resistance
a: Renounce Religion, Heroism, Finesse


You were on level 5 of the Lair of Beasts.
You worshipped Okawaru.
Okawaru was greatly pleased with you.
You visited 3 branches of the dungeon, and saw 14 of its levels.
You also visited: Ossuary.

You collected 637 gold pieces.
You spent 212 gold pieces at shops.


Innate Abilities, Weirdness & Mutations

You are immune to sickness and miasma.
Your stone body is resilient. (AC +9)
You are immune to poison.
You resist negative energy. (rN+)
You are resistant to electric shocks. (rElec)
You are resistant to unholy torment.
You are immune to petrification.


   Skills:
 + Level 10.7(15.7) Fighting
 - Level 14.0(19.0) Axes
 - Level 4.9(9.9) Throwing
 - Level 10.0(15.0) Armour
 - Level 2.3(7.3) Dodging
 - Level 6.7(11.7) Shields
 - Level 10.1 Invocations


You had 12 spell levels left.
You didn't know any spells.
Your spell library was empty.

Inventory:

Hand Weapons
 C - a +0 eveningstar of protection
 Y - a +2 war axe of venom (weapon)
Missiles
 n - 7 boomerangs
Armour
 a - a +0 pair of boots (worn)
 c - a +0 buckler (worn)
 g - a +2 helmet (worn)
 i - the +2 helmet of the Dwarven Hall {rF- rN+++ Int+5}
   (You acquired it in an ossuary)

   Int:       It affects your intelligence (+5).
   rF:        It makes you vulnerable to fire.
   rN:        It renders you almost immune to negative energy.
 o - a +0 plate armour (worn)
 p - a +2 pair of gloves (worn)
 v - a +8 chain mail of ponderousness
 w - a +0 chain mail of fire resistance
Jewellery
 f - a ring of protection from cold (left hand)
 l - an amulet of regeneration
 q - a ring of ice
 x - an amulet of faith (around neck)
Scrolls
 h - 5 scrolls of identify
Potions
 b - a potion of magic
 d - 3 potions of might
 e - 2 potions of mutation
 k - 4 potions of lignification
 m - 3 potions of haste
 t - a potion of cancellation
 u - a potion of curing
 z - a potion of attraction

Dungeon Overview and Level Annotations

Branches:
Dungeon (8/15)             Temple (1/1) D:7            Lair (5/5) D:8
  Swamp (0/4) Lair:3       Spider (0/4) Lair:3        Slime (0/5) Lair:4
Ossuary (visited)

Altars:
Ashenzari
Cheibriados
Dithmenos
Elyvilon
Fedhas
Gozag
Hepliaklqana
Kikubaaqudgha
Makhleb
Nemelex Xobeh
Okawaru
Qazlal
Ru
Sif Muna
Trog
Uskayaw
Vehumet
Wu Jian
Xom
Yredelemnul
Zin
The Shining One
Jiyva

Shops:
D:3 ?   D:7 ?   D:8 [


Message History

You are engulfed in a cloud of scalding steam.
The steam dragon bites you but does no damage.
The steam dragon claws you but does no damage.
The snapping turtle bites you but does no damage.
You block the komodo dragon's attack.
You slice the steam dragon!!
You kill the steam dragon!
Okawaru accepts your kill.
The steam dragon scales are intact enough to wear.
You hit the komodo dragon but do no damage.
You kill the blink frog!
Okawaru accepts your kill.
You can now speed up your combat.
The snapping turtle bites you but does no damage.
The komodo dragon bites you!
You closely miss the komodo dragon.
The komodo dragon is moderately wounded.
The snapping turtle bites you but does no damage.
The komodo dragon closely misses you.
You hit the komodo dragon but do no damage.
The komodo dragon looks as sick as possible!
The komodo dragon is moderately wounded.
You hit the torpor snail but do no damage.
The blink frog blinks!
The snapping turtle bites you but does no damage.
The komodo dragon bites you but does no damage.
A blink frog comes into view.
The torpor snail is engulfed in a cloud of scalding steam.
The torpor snail bites you but does no damage.
You slice the torpor snail!!
The torpor snail is severely wounded.
You slash the komodo dragon!
The komodo dragon looks as sick as possible!
The snapping turtle closely misses you.
The blink frog blinks!
You block the komodo dragon's attack.
You hit the torpor snail.
The torpor snail is poisoned.
The torpor snail is severely wounded.
You slash the komodo dragon!
The komodo dragon looks as sick as possible!
The snapping turtle bites you from afar!!
You die...

...P##....#.....%P...##
.¤.. ##..#.###%..##..###
....##....###...###..##.
.........#.......#..##..
(.......................
(.....F.................
.............<..........
.....t[l................
.#..¤w@.###.P..........
##.#...# ##P..P..P.#.#
.. #.### #...##.#.#%. .
## #P..# #.<#.. ...#
#..... .# #..... #...#P
#....## ###.###


You could see a snapping turtle, a torpor snail (very poisoned), a komodo dragon
(extremely poisoned) and a blink frog.

Vanquished Creatures
  Rupert (Lair:4)
  2 hydras
  Fannar (Lair:1)
  3 death yaks (Lair:2)
  Urug (Lair:4)
  11 elephants
  A torpor snail (Lair:1)
  A black mamba (Lair:4)
  7 cane toads
  7 komodo dragons
  A rime drake (Lair:5)
  2 polar bears
  6 hornets
  Prince Ribbit (D:5)
  6 dream sheep (Lair:4)
  25 blink frogs
  30 yaks
  5 wyverns
  6 basilisks
  4 redbacks (Lair:3)
  2 steam dragons
  7 water moccasins
  2 ice beasts
  4 black bears
  An ogre (D:6)
  9 wolves
  2 phantoms (D:5)
  14 bullfrogs
  15 scorpions
  7 wights (D:8)
  A howler monkey (D:7)
  An electric eel (Lair:1)
  A lava snake (Lair:4)
  3 centaur zombies (Ossuary)
  3 hounds
  5 orc priests
  2 gnoll boudas
  3 scorpion zombies (Ossuary)
  4 sleepcaps
  7 orc wizards
  3 mummies (Ossuary)
  9 gnolls
  11 adders
  2 shadow imps
  A white imp (D:7)
  4 worms
  4 dart slugs
  28 orcs
  9 endoplasms
  4 giant cockroaches
  8 hobgoblins
  3 jackals (D:3)
  2 quokkas
  7 ball pythons
  5 bats
  A frilled lizard (D:1)
  A gnoll zombie (Ossuary)
  7 goblins
  2 goblin zombies (Ossuary)
  2 hobgoblin zombies (Ossuary)
  10 kobolds
  2 kobold zombies (Ossuary)
  3 orc zombies (Ossuary)
  5 rats
347 creatures vanquished.

Notes
Turn   | Place    | Note
-------+----------+-------------------------------------------
     0 | D:1      | qw the Gargoyle Fighter began the quest for the Orb.
     0 | D:1      | Reached XP level 1. HP: 14/14 MP: 1/1
     0 | D:1      | 0 ||| qw: Version: 0.2-a-29-g1fa15c8
     0 | D:1      | 0 ||| qw: Game counter: 5116
     0 | D:1      | 0 ||| qw: Always use a shield: true
     0 | D:1      | 0 ||| qw: God list: Okawaru
     0 | D:1      | 0 ||| qw: Allow faded altars: false
     0 | D:1      | 0 ||| qw: Do Orc after D:15 true
     0 | D:1      | 0 ||| qw: Do second Lair branch before Depths: true
     0 | D:1      | 0 ||| qw: Lair rune preference: random
     0 | D:1      | 0 ||| qw: Plans: Normal, Zot:1-4, Slime:5, God:TSO, Crypt,
                  | Tomb, Abyss, Pan, Hells, Win
     0 | D:1      | 0 ||| PLANNING D:1-11
    12 | D:1      | Found a faded altar of an unknown god.
    72 | D:1      | Reached skill level 2 in Axes
   171 | D:1      | Reached XP level 2. HP: 19/19 MP: 2/2
   303 | D:1      | 303 ||| FLEEEEING.
   304 | D:1      | 304 ||| FLEEEEING.
   305 | D:1      | 305 ||| FLEEEEING.
   306 | D:1      | 306 ||| FLEEEEING.
   376 | D:1      | Reached skill level 3 in Axes
   443 | D:1      | Reached XP level 3. HP: 23/23 MP: 3/3
   814 | D:1      | 814 ||| READING scroll labelled VAELUI DITI.
   815 | D:1      | 815 ||| READING 3 scrolls labelled CORHOI KOATTUNI.
   816 | D:1      | 816 ||| READING 2 scrolls of brand weapon.
   816 | D:1      | 816 ||| BRANDING +0 heavy war axe.
   817 | D:1      | 817 ||| READING scroll of brand weapon.
   817 | D:1      | 817 ||| BRANDING +0 war axe of protection.
   818 | D:1      | 818 ||| DRINKING 2 lumpy blue potions.
   819 | D:1      | 819 ||| DROPPING potion of brilliance.
  1074 | D:2      | 1074 ||| Stepping ~*~*~tactically~*~*~ (stealth).
  1075 | D:2      | 1075 ||| Stepping ~*~*~tactically~*~*~ (stealth).
  1076 | D:2      | 1076 ||| Stepping ~*~*~tactically~*~*~ (stealth).
  1259 | D:2      | 1259 ||| DROPPING +0 club.
  1336 | D:2      | Reached XP level 4. HP: 28/28 MP: 4/4
  1527 | D:2      | 1527 ||| UPGRADING to +2 helmet.
  1532 | D:2      | 1532 ||| READING 3 scrolls labelled GERUGH ZYM RUI.
  1536 | D:2      | 1536 ||| READING scroll labelled XINNUST MAFEES.
  1537 | D:2      | 1537 ||| READING scroll labelled FAGIS XU HIXTUI.
  1558 | D:3      | Found Enererche's Magic Scroll Shop.
  1559 | D:3      | 1559 ||| PLANNING SEWER
  1567 | D:3      | 1567 ||| BUYING 2 scrolls of identify (48 gold).
  1567 | D:3      | Bought 2 scrolls of identify for 48 gold pieces
  1567 | D:3      | 1567 ||| SHOPLISTING scroll of enchant armour (90 gold,
                  | have 37).
  1567 | D:3      | 1567 ||| BUYING scroll of identify (24 gold).
  1567 | D:3      | Bought a scroll of identify for 24 gold pieces
  1567 | D:3      | 1567 ||| SHOPLISTING scroll of identify (24 gold, have 13).
  1567 | D:3      | 1567 ||| SHOPLISTING scroll of teleportation (36 gold, have
                  | 13).
  1573 | D:3      | 1573 ||| Stepping ~*~*~tactically~*~*~ (stealth).
  1648 | D:3      | Reached skill level 4 in Axes
  1825 | D:3      | Found a faded altar of an unknown god.
  1893 | D:3      | 1893 ||| Stepping ~*~*~tactically~*~*~ (hiding).
  2180 | D:3      | Reached XP level 5. HP: 32/32 MP: 5/5
  2212 | D:3      | 2212 ||| RIP SEWER
  2259 | D:3      | 2259 ||| PLANNING D:1-11
  2259 | D:3      | 2259 ||| UPGRADING to +0 pair of gloves.
  2264 | D:3      | 2264 ||| READING scroll labelled WIMOITE XIMACI.
  2265 | D:3      | 2265 ||| READING scroll labelled VOABUW YRCHA.
  2266 | D:3      | 2266 ||| DRINKING 3 metallic silvery potions.
  2267 | D:3      | 2267 ||| DRINKING 2 cyan potions.
  2310 | D:3      | 2310 ||| DRINKING 2 bubbling pink potions.
  2415 | D:3      | 2415 ||| DRINKING 2 red potions.
  2416 | D:3      | 2416 ||| READING 6 scrolls of identify.
  2416 | D:3      | 2416 ||| IDENTIFYING lumpy clear potion
  2417 | D:3      | 2417 ||| DROPPING potion of berserk rage.
  2460 | D:4      | HP: 8/32 [orc priest/nerve-wracking pain (6)]
  2461 | D:4      | 2461 ||| READING 3 scrolls of teleportation.
  2463 | D:4      | HP: 3/32 [orc priest/+0 short sword (3)]
  2716 | D:4      | 2716 ||| UPGRADING to ring of protection from cold.
  2717 | D:4      | 2717 ||| READING scroll labelled RUEH SOZ DOBOY.
  2746 | D:4      | 2746 ||| STAIRDANCE
  2747 | D:3      | Found a sparkling altar of Nemelex Xobeh.
  2823 | D:4      | 2823 ||| Stepping ~*~*~tactically~*~*~ (stealth).
  2833 | D:4      | Reached skill level 5 in Axes
  2922 | D:4      | 2922 ||| DROPPING +0 whip.
  2934 | D:4      | Reached XP level 6. HP: 39/39 MP: 6/6
  2941 | D:4      | 2941 ||| DROPPING +0 mace.
  3047 | D:4      | Reached skill level 1 in Dodging
  3476 | D:4      | 3476 ||| DRINKING 2 potions of curing.
  3476 | D:4      | 3476 ||| (to cure confusion)
  3490 | D:4      | 3490 ||| Stepping ~*~*~tactically~*~*~ (hiding).
  3746 | D:5      | Entered Level 5 of the Dungeon
  3757 | D:5      | 3757 ||| FLEEEEING.
  3758 | D:5      | 3758 ||| FLEEEEING.
  3759 | D:5      | 3759 ||| FLEEEEING.
  3760 | D:5      | 3760 ||| FLEEEEING.
  3761 | D:5      | 3761 ||| STAIRDANCE
  3790 | D:5      | 3790 ||| STAIRDANCE
  3870 | D:4      | 3870 ||| UPGRADING to +0 ring mail of fire resistance.
  3891 | D:5      | 3891 ||| DRINKING potion of curing.
  3891 | D:5      | 3891 ||| (to cure confusion)
  3922 | D:5      | 3922 ||| FLEEEEING.
  3926 | D:5      | 3926 ||| STAIRDANCE
  3994 | D:5      | Reached XP level 7. HP: 44/44 MP: 7/7
  4011 | D:5      | Identified the +2 scimitar "Ebiom" {drain, Stlth+}
  4042 | D:5      | Reached skill level 6 in Axes
  4465 | D:5      | 4465 ||| Stepping ~*~*~tactically~*~*~ (hiding).
  4590 | D:5      | Noticed Prince Ribbit
  4614 | D:5      | Killed Prince Ribbit
  4615 | D:5      | Reached skill level 7 in Axes
  4759 | D:5      | Reached XP level 8. HP: 42/49 MP: 8/8
  4977 | D:5      | 4977 ||| READING 6 scrolls of identify.
  4977 | D:5      | 4977 ||| IDENTIFYING murky yellow potion
  4978 | D:5      | 4978 ||| DROPPING potion of invisibility.
  5013 | D:6      | 5013 ||| PLANNING OSSUARY
  5023 | D:6      | 5023 ||| Stepping ~*~*~tactically~*~*~ (hiding).
  5024 | D:6      | 5024 ||| FLEEEEING.
  5025 | D:6      | 5025 ||| Stepping ~*~*~tactically~*~*~ (hiding).
  5033 | D:6      | HP: 5/49 [orc priest/divine providence (12)]
  5034 | D:6      | 5034 ||| READING 3 scrolls of teleportation.
  5035 | D:6      | Reached skill level 1 in Throwing
  5038 | D:6      | 5038 ||| READING 2 scrolls of teleportation.
  5045 | D:6      | 5045 ||| READING scroll of teleportation.
  5213 | D:6      | Reached skill level 8 in Axes
  5242 | D:6      | 5242 ||| DROPPING +0 flail.
  5361 | D:6      | Found a sand-covered staircase.
  5362 | D:6      | 5362 ||| UPGRADING to +0 chain mail.
  5372 | D:6      | 5372 ||| DROPPING +0 scale mail.
  5381 | Ossuary  | Entered an ossuary
  5451 | Ossuary  | Reached skill level 6 in Fighting
  5498 | Ossuary  | 5498 ||| Stepping ~*~*~tactically~*~*~ (stealth).
  5524 | Ossuary  | Reached XP level 9. HP: 42/55 MP: 9/9
  5620 | Ossuary  | Reached skill level 9 in Axes
  5645 | Ossuary  | 5645 ||| Stepping ~*~*~tactically~*~*~ (stealth).
  5665 | Ossuary  | 5665 ||| READING scroll of enchant armour.
  5665 | Ossuary  | 5665 ||| ENCHANTING +0 pair of gloves.
  5668 | Ossuary  | 5668 ||| READING scroll of enchant armour.
  5668 | Ossuary  | 5668 ||| ENCHANTING +1 pair of gloves.
  5723 | Ossuary  | 5723 ||| READING 4 scrolls labelled HEEZYX FIZUAS.
  5724 | Ossuary  | 5724 ||| READING scroll labelled GIUFAM UGOISO.
  5724 | Ossuary  | Identified a scroll of acquirement
  5724 | Ossuary  | 5724 ||| ACQUIRING +2 helmet of the Dwarven Hall {rF- rN+++
                  | Int+5}
  5724 | Ossuary  | Acquired the +2 helmet of the Dwarven Hall {rF- rN+++
                  | Int+5}
  5726 | Ossuary  | 5726 ||| DROPPING 3 scrolls of revelation.
  5779 | D:6      | 5779 ||| PLANNING D:1-11
  5807 | D:6      | 5807 ||| Stepping ~*~*~tactically~*~*~ (hiding).
  5808 | D:6      | 5808 ||| Stepping ~*~*~tactically~*~*~ (hiding).
  5810 | D:6      | 5810 ||| Stepping ~*~*~tactically~*~*~ (hiding).
  5811 | D:6      | 5811 ||| Stepping ~*~*~tactically~*~*~ (hiding).
  6079 | D:6      | 6079 ||| Stepping ~*~*~tactically~*~*~ (hiding).
  6080 | D:6      | 6080 ||| Stepping ~*~*~tactically~*~*~ (hiding).
  6082 | D:6      | 6082 ||| Stepping ~*~*~tactically~*~*~ (hiding).
  6410 | D:6      | 6410 ||| DROPPING +0 ring mail of fire resistance.
  6411 | D:6      | 6411 ||| UPGRADING to +0 plate armour.
  6421 | D:6      | 6421 ||| DROPPING +0 chain mail.
  6422 | D:6      | 6422 ||| READING scroll labelled LAEGANLOGRI.
  6482 | D:7      | Found Odoip's Magic Scroll Shop.
  6486 | D:7      | 6486 ||| BUYING 2 scrolls of teleportation (84 gold).
  6486 | D:7      | Bought 2 scrolls of teleportation for 84 gold pieces
  6486 | D:7      | 6486 ||| SHOPLISTING scroll of acquirement (728 gold, have
                  | 96).
  6486 | D:7      | 6486 ||| BUYING scroll of identify (28 gold).
  6486 | D:7      | Bought a scroll of identify for 28 gold pieces
  6486 | D:7      | 6486 ||| BUYING scroll of identify (28 gold).
  6486 | D:7      | Bought a scroll of identify for 28 gold pieces
  6486 | D:7      | 6486 ||| SHOPLISTING scroll of teleportation (42 gold, have
                  | 40).
  6706 | D:7      | Reached skill level 6 in Armour
  7026 | D:7      | Found a staircase to the Ecumenical Temple.
  7027 | D:7      | 7027 ||| PLANNING TEMPLE
  7027 | D:7      | 7027 ||| UPGRADING to +0 pair of boots.
  7032 | D:7      | 7032 ||| READING scroll labelled GITZUPU NIUGOV.
  7038 | Temple   | Entered the Ecumenical Temple
  7092 | Temple   | 7092 ||| PLANNING OKAWARU WORSHIP
  7158 | Temple   | Became a worshipper of Warmaster Okawaru
  7159 | Temple   | 7159 ||| PLANNING D:1-11
  7819 | D:8      | 7819 ||| Stepping ~*~*~tactically~*~*~ (hiding).
  7935 | D:8      | 7935 ||| Stepping ~*~*~tactically~*~*~ (hiding).
  7936 | D:8      | 7936 ||| Stepping ~*~*~tactically~*~*~ (hiding).
  8016 | D:8      | Reached skill level 10 in Axes
  8122 | D:8      | Reached XP level 10. HP: 63/63 MP: 10/10
  8151 | D:8      | Reached * piety under Okawaru
  8162 | D:8      | Found a staircase to the Lair.
  8194 | D:8      | Reached skill level 1 in Invocations
  8222 | D:8      | 8222 ||| INVOKING Heroism.
  8383 | D:8      | 8383 ||| Stepping ~*~*~tactically~*~*~ (stealth).
  8386 | D:8      | 8386 ||| Stepping ~*~*~tactically~*~*~ (stealth).
  8395 | D:8      | 8395 ||| INVOKING Heroism.
  8401 | D:8      | Reached skill level 3 in Invocations
  8405 | D:8      | Reached ** piety under Okawaru
  8568 | D:8      | Found Teot's Antique Armour Emporium.
  8577 | D:8      | 8577 ||| SHOPLISTING glowing chain mail (210 gold, have
                  | 178).
  8577 | D:8      | 8577 ||| SHOPLISTING glowing cloak (210 gold, have 178).
  8693 | D:8      | Found a broken altar of Ashenzari.
  8698 | D:8      | Found a stormy altar of Qazlal.
  8699 | D:8      | Found a shimmering blue altar of Sif Muna.
  8872 | D:8      | 8872 ||| PLANNING LAIR
  8872 | D:8      | 8872 ||| READING 2 scrolls labelled XESYKH ZU EROP.
  8873 | D:8      | 8873 ||| READING 9 scrolls of identify.
  8873 | D:8      | 8873 ||| IDENTIFYING inky potion
  8874 | D:8      | 8874 ||| READING 8 scrolls of identify.
  8874 | D:8      | 8874 ||| IDENTIFYING metallic coppery potion
  8875 | D:8      | 8875 ||| DROPPING scroll of noise.
  8931 | Lair:1   | Entered Level 1 of the Lair of Beasts
  8961 | Lair:1   | Noticed Fannar
  8962 | Lair:1   | 8962 ||| Stepping ~*~*~tactically~*~*~ (hiding).
  8971 | Lair:1   | 8971 ||| INVOKING Heroism.
  8976 | Lair:1   | Killed Fannar
  8977 | Lair:1   | Reached skill level 3 in Throwing
  9075 | Lair:1   | 9075 ||| Stepping ~*~*~tactically~*~*~ (stealth).
  9097 | Lair:1   | 9097 ||| INVOKING Heroism.
  9122 | Lair:1   | Reached *** piety under Okawaru
  9151 | Lair:1   | 9151 ||| INVOKING Heroism.
  9160 | Lair:1   | Reached skill level 11 in Axes
  9160 | Lair:1   | Reached XP level 11. HP: 68/68 MP: 12/14
  9187 | Lair:1   | 9187 ||| INVOKING Heroism.
  9189 | Lair:1   | 9189 ||| Stepping ~*~*~tactically~*~*~ (stealth).
  9202 | Lair:1   | 9202 ||| Stepping ~*~*~tactically~*~*~ (stealth).
  9210 | Lair:1   | 9210 ||| INVOKING Heroism.
  9268 | Lair:1   | 9268 ||| INVOKING Heroism.
  9368 | Lair:1   | 9368 ||| Stepping ~*~*~tactically~*~*~ (stealth).
  9412 | Lair:1   | Reached skill level 9 in Fighting
  9498 | Lair:1   | Noticed a four-headed hydra
  9499 | Lair:1   | 9499 ||| Stepping ~*~*~tactically~*~*~ (stealth).
  9501 | Lair:1   | 9501 ||| Stepping ~*~*~tactically~*~*~ (stealth).
  9503 | Lair:1   | 9503 ||| INVOKING Heroism.
  9504 | Lair:1   | 9504 ||| Stepping ~*~*~tactically~*~*~ (stealth).
  9513 | Lair:1   | 9513 ||| SWAPPING to +0 morningstar.
  9522 | Lair:1   | 9522 ||| INVOKING Heroism.
  9528 | Lair:1   | Killed a four-headed hydra
  9531 | Lair:1   | HP: 17/71 [hornet (4)]
  9532 | Lair:1   | 9532 ||| READING 2 scrolls of teleportation.
  9533 | Lair:1   | 9533 ||| DRINKING potion of heal wounds.
  9561 | Lair:1   | 9561 ||| INVOKING Heroism.
  9563 | Lair:1   | 9563 ||| Stepping ~*~*~tactically~*~*~ (water).
  9601 | Lair:1   | 9601 ||| INVOKING Heroism.
  9706 | Lair:1   | 9706 ||| UPGRADING to +1 war axe of venom.
  9773 | Lair:1   | Reached skill level 12 in Axes
  9873 | Lair:1   | 9873 ||| INVOKING Heroism.
  9883 | Lair:1   | Received a gift from Okawaru
  9913 | Lair:1   | 9913 ||| INVOKING Heroism.
  9951 | Lair:1   | 9951 ||| READING scroll of enchant weapon.
  9951 | Lair:1   | 9951 ||| ENCHANTING +1 war axe of venom.
 10346 | Lair:1   | 10346 ||| FLEEEEING.
 10348 | Lair:1   | 10348 ||| FLEEEEING.
 10349 | Lair:1   | 10349 ||| FLEEEEING.
 10351 | Lair:1   | 10351 ||| FLEEEEING.
 10352 | Lair:1   | 10352 ||| FLEEEEING.
 10353 | Lair:1   | 10353 ||| FLEEEEING.
 10354 | Lair:1   | 10354 ||| FLEEEEING.
 10355 | Lair:1   | 10355 ||| FLEEEEING.
 10356 | Lair:1   | 10356 ||| FLEEEEING.
 10357 | Lair:1   | 10357 ||| FLEEEEING.
 10358 | Lair:1   | 10358 ||| FLEEEEING.
 10359 | Lair:1   | 10359 ||| FLEEEEING.
 10360 | Lair:1   | 10360 ||| FLEEEEING.
 10361 | Lair:1   | 10361 ||| FLEEEEING.
 10362 | Lair:1   | 10362 ||| FLEEEEING.
 10363 | Lair:1   | 10363 ||| FLEEEEING.
 10364 | Lair:1   | 10364 ||| FLEEEEING.
 10365 | Lair:1   | 10365 ||| FLEEEEING.
 10366 | Lair:1   | 10366 ||| FLEEEEING.
 10367 | Lair:1   | 10367 ||| FLEEEEING.
 10368 | Lair:1   | 10368 ||| FLEEEEING.
 10369 | Lair:1   | 10369 ||| FLEEEEING.
 10370 | Lair:1   | 10370 ||| FLEEEEING.
 10373 | Lair:1   | 10373 ||| INVOKING Heroism.
 10385 | Lair:1   | Reached skill level 9 in Armour
 10415 | Lair:1   | 10415 ||| READING 7 scrolls of identify.
 10415 | Lair:1   | 10415 ||| IDENTIFYING purple potion
 10499 | Lair:2   | 10499 ||| INVOKING Heroism.
 10532 | Lair:2   | Noticed a death yak
 10533 | Lair:2   | 10533 ||| Stepping ~*~*~tactically~*~*~ (hiding).
 10534 | Lair:2   | 10534 ||| INVOKING Heroism.
 10534 | Lair:2   | Noticed a death yak
 10536 | Lair:2   | Noticed a death yak
 10548 | Lair:2   | Killed a death yak
 10548 | Lair:2   | Received a gift from Okawaru
 10549 | Lair:2   | Reached skill level 6 in Shields
 10560 | Lair:2   | Killed a death yak
 10560 | Lair:2   | Received a gift from Okawaru
 10561 | Lair:2   | HP: 17/71 [death yak (10)]
 10562 | Lair:2   | 10562 ||| READING scroll of teleportation.
 10565 | Lair:2   | Killed a death yak
 10566 | Lair:2   | Reached XP level 12. HP: 17/76 MP: 15/15
 10760 | Lair:2   | 10760 ||| Stepping ~*~*~tactically~*~*~ (stealth).
 10761 | Lair:2   | 10761 ||| Stepping ~*~*~tactically~*~*~ (stealth).
 10762 | Lair:2   | 10762 ||| Stepping ~*~*~tactically~*~*~ (stealth).
 10764 | Lair:2   | 10764 ||| INVOKING Heroism.
 10829 | Lair:2   | 10829 ||| Stepping ~*~*~tactically~*~*~ (stealth).
 10842 | Lair:2   | 10842 ||| INVOKING Heroism.
 10860 | Lair:2   | Reached **** piety under Okawaru
 10861 | Lair:2   | 10861 ||| INVOKING Heroism.
 11057 | Lair:2   | 11057 ||| Stepping ~*~*~tactically~*~*~ (stealth).
 11062 | Lair:2   | 11062 ||| Stepping ~*~*~tactically~*~*~ (stealth).
 11085 | Lair:2   | 11085 ||| INVOKING Heroism.
 11093 | Lair:2   | Reached skill level 13 in Axes
 11193 | Lair:2   | 11193 ||| Stepping ~*~*~tactically~*~*~ (stealth).
 11262 | Lair:2   | 11262 ||| Stepping ~*~*~tactically~*~*~ (stealth).
 11294 | Lair:2   | 11294 ||| Stepping ~*~*~tactically~*~*~ (hiding).
 11602 | Lair:2   | 11602 ||| UPGRADING to amulet of regeneration.
 11617 | Lair:3   | Found a staircase to the Swamp.
 11643 | Lair:3   | 11643 ||| Stepping ~*~*~tactically~*~*~ (stealth).
 11747 | Lair:3   | Reached skill level 6 in Invocations
 11770 | Lair:3   | Found a hole to the Spider Nest.
 11894 | Lair:3   | 11894 ||| Stepping ~*~*~tactically~*~*~ (stealth).
 12098 | Lair:3   | 12098 ||| INVOKING Heroism.
 12190 | Lair:3   | 12190 ||| Stepping ~*~*~tactically~*~*~ (stealth).
 12199 | Lair:3   | Received a gift from Okawaru
 12221 | Lair:3   | 12221 ||| INVOKING Heroism.
 12227 | Lair:3   | Received a gift from Okawaru
 12397 | Lair:3   | 12397 ||| DROPPING scarf of shadows.
 12398 | Lair:3   | 12398 ||| UPGRADING to amulet of faith.
 12408 | Lair:3   | 12408 ||| READING 2 scrolls labelled FUNGASULIF.
 12409 | Lair:3   | 12409 ||| READING 6 scrolls of identify.
 12409 | Lair:3   | 12409 ||| IDENTIFYING black potion
 12410 | Lair:3   | 12410 ||| DROPPING scroll of fog.
 12429 | Lair:4   | Found the +0 pair of fencer's gloves {Riposte Dex+3}
 12543 | Lair:4   | 12543 ||| Stepping ~*~*~tactically~*~*~ (stealth).
 12549 | Lair:4   | 12549 ||| INVOKING Heroism.
 12556 | Lair:4   | Reached XP level 13. HP: 78/82 MP: 15/18
 12574 | Lair:4   | Reached ***** piety under Okawaru
 12642 | Lair:4   | Noticed Rupert
 12643 | Lair:4   | 12643 ||| INVOKING Heroism.
 12646 | Lair:4   | Paralysed by Rupert for 4 turns
 12650 | Lair:4   | 12650 ||| DRINKING 2 potions of curing.
 12650 | Lair:4   | 12650 ||| (to cure confusion)
 12653 | Lair:4   | 12653 ||| DRINKING potion of curing.
 12653 | Lair:4   | 12653 ||| (to cure confusion)
 12653 | Lair:4   | Paralysed by Rupert for 5 turns
 12667 | Lair:4   | HP: 2/82 [Rupert/+4 great mace of protection (37)]
 12668 | Lair:4   | 12668 ||| DRINKING potion of heal wounds.
 12668 | Lair:4   | Killed Rupert
 12879 | Lair:4   | 12879 ||| INVOKING Heroism.
 12899 | Lair:4   | Received a gift from Okawaru
 13040 | Lair:4   | 13040 ||| Stepping ~*~*~tactically~*~*~ (stealth).
 13062 | Lair:4   | Reached skill level 9 in Invocations
 13122 | Lair:4   | 13122 ||| Stepping ~*~*~tactically~*~*~ (stealth).
 13128 | Lair:4   | 13128 ||| Stepping ~*~*~tactically~*~*~ (stealth).
 13138 | Lair:4   | Received a gift from Okawaru
 13446 | Lair:4   | 13446 ||| Stepping ~*~*~tactically~*~*~ (stealth).
 13502 | Lair:4   | Noticed Urug
 13503 | Lair:4   | 13503 ||| INVOKING Heroism.
 13504 | Lair:4   | 13504 ||| INVOKING Finesse.
 13518 | Lair:4   | Killed Urug
 13569 | Lair:4   | 13569 ||| DROPPING +0 morningstar.
 13579 | Lair:4   | Found a viscous altar of Jiyva.
 13581 | Lair:4   | Found a staircase to the Slime Pits.
 13904 | Lair:4   | 13904 ||| DROPPING orb of guile.
 13905 | Lair:4   | 13905 ||| READING scroll labelled GETWEU EMOR.
 13906 | Lair:4   | 13906 ||| READING 6 scrolls of identify.
 13906 | Lair:4   | 13906 ||| IDENTIFYING emerald potion
 13907 | Lair:4   | 13907 ||| DROPPING potion of degeneration.
 13923 | Lair:5   | Entered Level 5 of the Lair of Beasts
 13963 | Lair:5   | Reached skill level 14 in Axes
 14024 | Lair:5   | 14024 ||| INVOKING Heroism.
 14026 | Lair:5   | 14026 ||| INVOKING Finesse.
 14029 | Lair:5   | 14029 ||| Stepping ~*~*~tactically~*~*~ (stealth).
 14031 | Lair:5   | 14031 ||| SWAPPING to +0 eveningstar of protection.
 14072 | Lair:5   | 14072 ||| UPGRADING to +2 war axe of venom.
 14078 | Lair:5   | 14078 ||| INVOKING Heroism.
 14103 | Lair:5   | 14103 ||| Stepping ~*~*~tactically~*~*~ (stealth).
 14121 | Lair:5   | 14121 ||| Stepping ~*~*~tactically~*~*~ (stealth).
 14122 | Lair:5   | 14122 ||| INVOKING Heroism.
 14160 | Lair:5   | 14160 ||| Stepping ~*~*~tactically~*~*~ (hiding).
 14165 | Lair:5   | 14165 ||| INVOKING Heroism.
 14230 | Lair:5   | 14230 ||| INVOKING Heroism.
 14268 | Lair:5   | 14268 ||| INVOKING Heroism.
 14278 | Lair:5   | HP: 16/83 [komodo dragon (15)]
 14282 | Lair:5   | Slain by a snapping turtle

Levels and vault maps discovered:
D:1:      amcnicky_arrival_single_pillar, layout_basic, serial_forest,
          infiniplex_forest_end_2, infiniplex_forest_diagonal,
          infiniplex_forest_clump_diagonal, infiniplex_forest_lined_3,
          infiniplex_forest_lined_corner, infiniplex_forest_straight_2,
          infiniplex_forest_join, infiniplex_forest_straight_4,
          ebering_ecumenical_altar_petrified, kennysheep_flooded_box
D:2:      layout_loops_ring
D:3:      minmay_wonky_spiral, layout_rooms, nicolae_overflow_ecumenical_swirl,
          portal_sewer_entry_d, serial_shops, shop
D:4:      layout_basic
D:5:      layout_gridville, uniq_prince_ribbit1
D:6:      layout_gridville, nicolae_ossuary_entry_monument, serial_bayou_pond_e
D:7:      layout_layer_cave, minmay_temple_entry_offerings, serial_shops, shop
D:8:      layout_basic, chequers_temple_overflow_statue_of_worship,
          due_lair_maze_entry_diamond, serial_shops, nicolae_shop_trees
Temple:   nicolae_temple_two_arcs
Lair:1:   layout_cave_pods, serial_bayou_ford_a, pdpol_lair_cavern_descent,
          uniq_fannar
Lair:2:   layout_loops_ring
Lair:3:   layout_loops_ring, swamp_mist, spider_nest_entry_webs
Lair:4:   layout_gridlike, dpeg_slime_entry_enclosed, dreamdust_wasp_nest,
          uniq_rupert, uniq_urug
Lair:5:   gammafunk_lair_ancient_temple, layout_regular_city,
          serial_bayou_shore_b, infiniplex_staircase_pool_2,
          serial_bayou_shore_b

Skill      XL: |  1  2  3  4  5  6  7  8  9 10 11 12 13 |
---------------+----------------------------------------+-----
Axes           | 2 3 4 5 7 8 10 11 12 13 14 | 14.0
Fighting       | 4 5 6 7 8 9 10 | 10.7
Dodging        | 1 2 |  2.3
Throwing       | 1 2 3 4 |  4.9
Armour         | 4 6 7 9 10 | 10.0
Shields        | 4 5 6 |  6.7
Invocations    | 4 7 10 | 10.1

Action                     |  1- 3 |  4- 6 |  7- 9 | 10-12 | 13-15 || total
---------------------------+-------+-------+-------+-------+-------++-------
  Melee: War axe           |   149 |   169 |   298 |   379 |   167 ||  1162
         Morningstar       |       |       |       |    23 |       ||    23
         Eveningstar       |       |       |       |       |    14 ||    14
  Throw: Javelin           |    18 |       |    22 |    65 |    62 ||   167
         Boomerang         |       |    44 |    74 |    29 |     8 ||   155
 Invoke: Heroism           |       |       |       |    24 |     9 ||    33
         Finesse           |       |       |       |       |     2 ||     2
    Use: Scroll            |     4 |     8 |    10 |     9 |     2 ||    33
         Potion            |     1 |     6 |       |     1 |     3 ||    11
 Armour: Scale mail        |    48 |    78 |       |       |       ||   126
         Ring mail         |       |    20 |   116 |       |       ||   136
         Chain mail        |       |       |    49 |       |       ||    49
         Plate armour      |       |       |    58 |   291 |    99 ||   448
  Dodge: Dodged            |    60 |    82 |   166 |   127 |    51 ||   486
  Block: Buckler           |    17 |    21 |    59 |    98 |    26 ||   221

Table legend:
 A = Non-vault XP
 B = Vault XP
 C = Vault XP percentage of total XP
 D = Non-vault monster count
 E = Vault monster count
 F = Vault count percentage of total count
                 A         B        C        D         E       F
            +---------+---------+-------+---------+---------+-------
      Total |   35775 |   11520 |  24.4 |     279 |      68 |  19.6
            +---------+---------+-------+---------+---------+-------
        D:1 |      43 |       0 |   0.0 |      25 |       0 |   0.0
        D:2 |      54 |       0 |   0.0 |      15 |       0 |   0.0
        D:3 |      42 |      31 |  42.5 |      14 |       5 |  26.3
        D:4 |     371 |       0 |   0.0 |      40 |       0 |   0.0
        D:5 |     490 |     268 |  35.4 |      14 |       1 |   6.7
        D:6 |     875 |       0 |   0.0 |      28 |       0 |   0.0
        D:7 |     608 |       0 |   0.0 |       8 |       0 |   0.0
        D:8 |    2243 |    1202 |  34.9 |      21 |      10 |  32.3
     Lair:1 |    4466 |    3894 |  46.6 |      20 |      12 |  37.5
     Lair:2 |    9228 |       0 |   0.0 |      28 |       0 |   0.0
     Lair:3 |    4528 |     724 |  13.8 |      15 |       4 |  21.1
     Lair:4 |    7483 |    4144 |  35.6 |      34 |       7 |  17.1
     Lair:5 |    5344 |     205 |   3.7 |      17 |       1 |   5.6
    Ossuary |       0 |    1052 | 100.0 |       0 |      28 | 100.0
            +---------+---------+-------+---------+---------+-------
